Map: Whitewater Line LE

Players

Studsboll

  • Race: Zerg Zerg
  • League: Gold
  • Spawn Location: 12:00

mugen

  • Race: Terran Terran
  • Spawn Location: 1:00

Woopz

  • Race: Protoss Protoss
  • Spawn Location: 1:00

PnDaMaN - Winner!

  • Race: Terran Terran
  • League: Silver
  • Spawn Location: 6:00

KwazeeKJ - Winner!

  • Race: Terran Terran
  • Spawn Location: 7:00

Scrag - Winner!

  • Race: Terran Terran
  • Spawn Location: 7:00

VOD

Have the link to the VOD?

Description

Time

  • Played on: Feb. 23, 2019, 4:30 p.m.
  • Length: 32:50
Show
View Real Time Build Order
Export as new Build Order

Studsboll Zerg 

Build Orders: Hatch First, Swarm Host 

Get SALT Encoding   

  12  0:00  Drone  
  13  0:13  Overlord  
  13  0:18  Drone  
  14  0:31  Drone x2  
  16  0:52  Hatchery  
  15  0:57  Drone  
  15  0:59  Drone  
  15  1:02  Drone  
  18  1:13  Extractor  
  18  1:18  Spawning Pool  
  16  1:21  Drone  
  17  1:26  Drone  
  17  1:31  Drone  
  19  1:41  Drone  
  20  1:53  Drone  
  21  2:05  Queen  
  21  2:06  Queen  
  21  2:07  Drone x2  
  27  2:13  Spine Crawler  
  26  2:18  Drone x2  
  28  2:31  Spine Crawler  
  28  2:36  Spine Crawler  
  26  2:37  Overlord  
  26  2:41  Zergling x2  
  26  2:42  Zergling x2  
  28  2:44  Metabolic Boost  
  28  2:53  Overlord  
  28  2:56  Zergling x4  
  30  3:01  Zergling x2  
  31  3:07  Queen  
  31  3:12  Drone  
  34  3:14  Zergling x2  
  34  3:18  Zergling x2  
  32  3:42  Drone x4  
  36  3:52  Zergling x6  
  39  3:57  Drone x2  
  39  3:58  Drone x3  
  39  4:01  Overlord  
  44  4:11  Roach Warren  
  43  4:27  Evolution Chamber  
  43  4:29  Evolution Chamber  
  43  4:31  Drone x5  
  43  4:35  Overlord  
  46  4:42  Zergling x4  
  46  4:43  Zergling x2  
  49  5:01  Zergling x10  
  46  5:14  Roach x6  
  46  5:18  Roach x2  
  60  5:31  Zerg Missile Weapons Level 1, Zerg Ground Armor Level 1  
  60  5:35  Overlord  
  60  5:40  Lair  
  60  5:49  Overlord  
  60  5:50  Overlord x2  
  60  6:01  Queen  
  62  6:06  Drone x5  
  62  6:09  Extractor  
  66  6:11  Roach  
  66  6:12  Roach  
  66  6:16  Roach  
  72  6:37  Roach x3  
  78  6:55  Drone x2  
  78  6:56  Drone  
  78  6:59  Drone x2, Extractor  
  82  7:01  Drone  
  82  7:03  Drone x2  
  82  7:04  Drone  
  86  7:15  Roach x3  
  92  7:26  Glial Reconstitution  
  92  7:29  Spore Crawler  
  91  7:31  Spore Crawler  
  91  7:32  Spore Crawler  
  91  7:34  Spore Crawler  
  91  7:35  Drone  
  91  7:36  Drone x2  
  91  7:41  Drone  
  92  7:49  Hydralisk Den, Drone  
  92  7:51  Overlord x2  
  92  7:52  Overlord x3  
  92  8:15  Roach  
  92  8:16  Roach x5  
  92  8:19  Hatchery  
  104  8:27  Drone x7  
  110  8:35  Extractor  
  110  8:41  Drone x2  
  111  9:02  Drone x3  
  114  9:03  Drone  
  114  9:09  Hydralisk  
  117  9:31  Hydralisk x7  
  117  9:37  Queen  
  133  9:53  Drone x5  
  133  9:55  Overlord x5  
  138  10:13  Overlord x2  
  138  10:14  Overlord x2  
  138  10:15  Extractor  
  138  10:18  Extractor  
  138  10:19  Drone x2  
  138  10:28  Infestation Pit  
  138  10:32  Spire  
  136  10:38  Drone  
  136  10:39  Drone  
  136  10:41  Drone x4  
  142  10:48  Hydralisk  
  142  10:49  Hydralisk  
  146  10:54  Grooved Spines  
  146  11:06  Drone  
  146  11:07  Drone x2  
  146  11:08  Drone x3  
  152  11:13  Swarm Host x2  
  158  11:25  Swarm Host  
  158  11:26  Swarm Host x3  
  158  11:30  Hydralisk  
  158  11:31  Hydralisk  
  174  12:10  Swarm Host x8  
  198  12:24  Hatchery  
  198  12:27  Extractor  
  198  12:28  Extractor  
  195  12:46  Burrow  
  195  12:47  Hive  
  195  12:49  Drone x4  
  199  13:02  Zerg Missile Weapons Level 2  
  199  13:03  Zerg Ground Armor Level 2  
  199  13:06  Muscular Augments  
  198  13:34  Overlord  
  198  13:35  Overlord x2  
  198  13:36  Overlord x6  
  189  14:15  Hydralisk x5  
  199  15:06  Corruptor  
  200  16:24  Hydralisk  
  200  16:25  Hydralisk x5  
  184  16:33  Roach x3  
  184  16:39  Queen  
  188  16:47  Hatchery  
  183  16:57  Corruptor x6  
  195  17:22  Roach x2  
  175  17:23  Roach x11  
  183  17:31  Hydralisk x3  
  187  17:42  Hydralisk x7  
  193  18:31  Corruptor x6  
  193  18:32  Corruptor  
  199  18:39  Corruptor  
  189  18:55  Corruptor x13  
  183  19:27  Corruptor x7  
  183  19:28  Corruptor x2  
  191  19:59  Zerg Missile Weapons Level 3  
  191  20:00  Zerg Ground Armor Level 3  
  191  20:03  Hatchery, Zerg Flyer Weapons Level 1  
  190  20:11  Hydralisk x5  
  199  21:24  Roach x2  
  199  21:25  Roach  
  190  22:08  Queen  
  192  22:24  Drone x3  
  195  22:31  Roach x2  
  199  22:50  Greater Spire  
  185  23:42  Corruptor x5  
  185  23:43  Corruptor x3  
  199  24:38  Hatchery  
  190  25:14  Brood Lord x3  
  190  25:15  Brood Lord x2  
  188  25:29  Hydralisk  
  188  25:30  Hydralisk x15  
  188  25:31  Hydralisk  
  166  25:52  Corruptor  
  166  25:53  Corruptor x18  
  181  26:41  Corruptor x4  
  181  26:42  Corruptor x3  
  165  26:50  Corruptor  
  104  27:19  Brood Lord  
  79  28:14  Hatchery  
  78  28:23  Brood Lord  
  79  29:18  Hydralisk  
  81  30:00  Hatchery  
Show
View Real Time Build Order
Export as new Build Order

mugen Terran 

Build Orders: Mech 

Get SALT Encoding   

  12  0:02  SCV  
  13  0:14  SCV  
  14  0:26  Supply Depot  
  14  0:31  SCV  
  15  0:47  Refinery  
  15  0:48  SCV  
  16  0:50  Supply Depot  
  16  1:00  SCV  
  16  1:02  Barracks  
  17  1:12  SCV  
  18  1:19  Supply Depot  
  18  1:24  SCV  
  19  1:36  SCV  
  20  1:44  Supply Depot  
  20  1:46  Refinery  
  20  1:48  SCV  
  21  2:00  SCV  
  22  2:12  SCV  
  23  2:17  Bunker  
  23  2:26  Factory  
  23  2:30  Marine  
  24  2:41  Orbital Command  
  24  2:48  Marine  
  25  3:05  Marine  
  26  3:23  Marine, Factory Tech Lab  
  27  3:29  Factory  
  27  3:31  SCV  
  28  3:44  SCV  
  29  3:49  Siege Tank  
  32  3:56  SCV  
  33  4:08  SCV  
  34  4:14  Command Center  
  34  4:20  SCV  
  34  4:21  Siege Tank  
  38  4:36  Bunker  
  38  4:42  Bunker  
  38  4:45  Marine  
  39  5:03  Marine  
  39  5:05  Factory  
  40  5:07  Factory Tech Lab  
  40  5:15  Siege Tank  
  40  5:20  Marine  
  44  5:38  Marine  
  45  5:43  Bunker  
  45  5:47  Siege Tank  
  45  5:48  Supply Depot  
  48  6:18  Starport  
  48  6:30  Factory Tech Lab  
  48  6:51  Starport  
  48  6:52  Starport  
  48  7:02  Armory  
  48  7:33  Starport Tech Lab  
  48  7:35  Starport Tech Lab  
  48  7:38  Refinery  
  48  7:47  Command Center  
  48  7:51  Fusion Core  
  48  7:57  Siege Tank  
  51  8:19  Refinery  
  51  8:29  Siege Tank  
  54  9:01  Siege Tank  
  57  9:12  SCV  
  58  9:21  SCV  
  59  9:25  SCV  
  60  9:33  SCV  
  60  9:37  SCV  
  62  9:46  SCV  
  62  9:49  SCV  
  64  9:58  SCV  
  65  10:01  SCV  
  66  10:10  SCV  
  67  10:19  SCV  
  68  10:31  SCV  
  68  10:33  Engineering Bay  
  69  10:36  Battlecruiser x2  
  81  10:43  SCV  
  82  10:56  SCV  
  83  11:08  SCV  
  84  11:16  Refinery  
  84  11:20  Refinery  
  84  11:33  Planetary Fortress  
  84  11:38  Planetary Fortress  
  84  11:49  Supply Depot  
  84  11:53  Supply Depot  
  84  11:55  Supply Depot  
  84  12:03  Supply Depot  
  84  12:07  Supply Depot  
  84  12:11  Battlecruiser  
  84  12:15  Battlecruiser  
  96  12:17  SCV  
  97  12:29  SCV  
  98  12:41  SCV  
  99  12:53  SCV  
  95  13:10  Weapon Refit  
  79  13:38  Battlecruiser x2  
  91  13:54  Supply Depot  
  91  13:55  Supply Depot  
  91  13:58  Supply Depot  
  91  14:01  Supply Depot  
  91  14:04  Supply Depot  
  84  16:06  Command Center  
  76  16:28  Battlecruiser  
  76  16:29  Battlecruiser  
  88  16:51  Starport  
  82  17:33  Battlecruiser  
  54  19:29  Missile Turret  
  54  19:30  Missile Turret  
  54  19:37  Missile Turret  
  54  19:40  Missile Turret  
  54  19:41  Missile Turret  
  54  19:48  Missile Turret  
  54  19:51  Missile Turret  
  54  19:54  Missile Turret  
  54  20:01  Missile Turret  
  54  20:03  Missile Turret  
  54  20:13  Missile Turret  
  54  20:17  Missile Turret  
  54  20:46  Missile Turret  
  54  20:50  Command Center  
  54  20:53  Refinery, Missile Turret  
  54  20:54  Missile Turret  
  54  20:56  Refinery  
  54  20:59  Missile Turret  
  54  21:05  Command Center  
  54  21:08  Command Center  
  54  21:48  Refinery  
  54  21:49  Refinery  
  54  21:52  Refinery  
  54  21:55  Missile Turret  
  54  21:57  Missile Turret  
  54  22:02  Missile Turret  
  54  22:28  SCV  
  55  23:20  SCV  
  46  23:44  SCV x2  
  47  23:56  SCV  
  40  24:28  Missile Turret  
  40  24:51  Missile Turret  
  13  28:24  SCV  
  14  28:49  SCV  
  15  29:01  SCV  
  16  29:24  SCV  
  17  29:36  SCV  
  18  29:48  SCV  
  19  30:00  SCV  
  20  30:12  SCV  
  21  30:19  Banshee  
  24  30:24  SCV  
  25  30:32  Starport Tech Lab  
  25  30:35  Banshee  
  25  30:40  SCV  
  29  31:07  Banshee  
  29  31:08  Banshee  
  35  31:39  Missile Turret  
  35  31:42  Missile Turret  
  35  31:43  Missile Turret  
  35  31:48  Missile Turret  
  35  31:50  Missile Turret  
  35  31:53  Missile Turret  
  35  31:54  Banshee x3  
Show
View Real Time Build Order
Export as new Build Order

Woopz Protoss 

Build Orders: Colossus Rush 

Get SALT Encoding   

  12  0:01  Probe  
  13  0:17  Pylon  
  13  0:22  Assimilator  
  13  0:24  Probe  
  14  0:40  Gateway  
  14  0:52  Probe  
  15  1:04  Gateway  
  15  1:07  Forge  
  15  1:16  Probe  
  16  1:24  Probe  
  16  1:27  Zealot  
  16  1:32  Probe  
  20  1:49  Photon Cannon  
  20  2:36  Zealot x2  
  23  2:47  Cybernetics Core  
  23  2:48  Pylon  
  23  2:50  Pylon  
  23  3:15  Pylon  
  23  3:29  Pylon  
  23  3:35  Robotics Facility  
  23  3:37  Robotics Facility  
  23  3:40  Probe  
  24  3:42  Assimilator  
  24  3:49  Protoss Ground Weapons Level 1  
  24  3:58  Probe  
  25  4:29  Pylon  
  25  4:31  Pylon  
  25  4:37  Nexus  
  25  4:39  Pylon  
  25  4:40  Probe  
  25  4:41  Pylon  
  26  4:50  Robotics Bay  
  27  4:52  Probe  
  27  4:56  Warp Gate  
  27  5:00  Observer  
  27  5:03  Warp Prism  
  30  5:21  Observer  
  31  5:48  Colossus  
  37  5:52  Probe  
  37  5:56  Probe  
  38  6:00  Probe, Extended Thermal Lance, Assimilator  
  38  6:02  Assimilator  
  39  6:04  Probe  
  39  6:09  Probe  
  42  6:18  Probe  
  42  6:20  Probe  
  44  6:39  Colossus  
  44  6:46  Probe x2  
  52  6:58  Probe x2  
  55  7:30  Probe x2  
  55  7:35  Colossus x2  
  56  7:42  Probe x2  
  70  7:52  Gravitic Drive  
  70  7:54  Probe x2  
  70  7:55  Observer, Protoss Ground Armor Level 1  
  72  8:52  Colossus x2  
  84  8:58  Probe x2  
  84  9:01  Gravitic Boosters  
  86  9:10  Probe x2  
  88  9:22  Probe  
  89  9:36  Twilight Council  
  89  9:38  Pylon  
  89  9:41  Pylon  
  89  9:49  Protoss Shields Level 1  
  89  9:58  Colossus  
  95  10:04  Observer  
  95  10:27  Nexus  
  95  11:05  Assimilator  
  95  11:09  Assimilator  
  95  11:13  Pylon  
  95  11:14  Stargate  
  95  11:15  Stargate  
  95  11:16  Pylon  
  95  11:18  Stargate  
  95  11:20  Stargate  
  95  11:26  Probe  
  95  11:27  Probe  
  97  11:38  Probe  
  99  11:40  Probe  
  99  11:43  Blink  
  99  11:52  Colossus x2  
  111  12:16  Fleet Beacon  
  111  12:17  Stalker  
  111  12:18  Stalker  
  111  12:48  Stalker  
  111  12:49  Stalker  
  113  13:12  Pylon  
  111  13:14  Pylon  
  111  13:18  Pylon  
  107  13:38  Pylon  
  107  13:40  Pylon  
  98  13:46  Stargate, Colossus x2  
  103  14:12  Stalker x2  
  94  14:53  Observer  
  94  14:54  Probe x2  
  94  14:56  Stalker  
  94  14:57  Stalker  
  98  15:06  Probe x2  
  98  15:10  Nexus  
  96  15:14  Pylon  
  96  15:17  Pylon x2  
  96  15:18  Probe x2  
  96  15:19  Pylon  
  98  15:22  Pylon  
  98  15:30  Probe  
  98  15:35  Pylon  
  99  15:36  Charge  
  99  15:40  Pylon  
  99  15:43  Pylon  
  99  15:45  Gateway  
  99  15:50  Gateway  
  99  15:53  Gateway  
  99  15:57  Pylon  
  99  16:03  Pylon  
  93  16:59  Colossus  
  57  17:39  Stalker x2  
  57  17:40  Stalker x2  
  61  17:58  Stalker  
  61  18:04  Probe  
  58  18:34  Stalker  
  33  19:11  Stalker  
  33  19:12  Stalker  
  26  19:19  Probe  
  27  19:51  Probe  
  28  20:02  Probe  
  29  20:09  Probe  
  30  20:14  Probe  
  31  20:23  Pylon  
  31  20:26  Pylon  
  31  20:31  Pylon  
  31  20:47  Photon Cannon  
  31  20:55  Probe  
  32  21:07  Stargate  
  32  21:15  Probe x2  
  34  21:27  Probe  
  34  21:32  Probe  
  36  21:38  Tempest  
  36  21:39  Photon Cannon  
  37  21:40  Probe  
  37  21:44  Probe  
  43  21:58  Stalker  
  45  22:03  Stalker  
  45  22:09  Stalker  
  45  22:16  Stalker  
  47  22:38  Probe x2  
  49  22:50  Probe x2, Photon Cannon  
  51  23:01  Tempest  
  51  23:08  Nexus  
  51  23:09  Tempest  
  61  23:36  Stalker x2  
  61  23:38  Stalker  
  67  23:44  Tempest  
  72  23:55  Protoss Air Weapons Level 1  
  72  24:07  Tempest  
  72  24:20  Probe  
  72  24:21  Probe  
  79  24:32  Probe  
  79  24:33  Probe  
  81  25:25  Tempest x2  
  91  26:08  Tempest x2  
  86  26:28  Stalker x4  
  86  26:29  Stalker  
  77  26:49  Mothership  
  65  27:12  Zealot  
  65  27:13  Zealot x3  
  65  27:14  Zealot  
  69  28:23  Observer  
  69  28:24  Warp Prism  
  72  28:32  Probe  
  73  28:43  Assimilator  
  73  28:44  Probe  
  74  28:48  Probe  
  74  28:49  Probe  
  74  28:50  Assimilator  
  74  28:54  Assimilator  
  76  28:56  Probe  
  76  29:00  Probe  
  76  29:01  Probe  
  79  29:29  Tempest  
  84  29:39  Pylon  
  84  29:40  Probe x3  
  84  29:42  Pylon  
  84  29:44  Pylon  
  87  29:52  Probe x3  
  90  30:04  Probe  
  90  30:05  Zealot x2  
  90  30:06  Zealot x3  
  101  30:12  Immortal x2  
  109  30:21  Probe  
  110  30:22  Probe x2  
  112  30:45  Tempest x2  
  86  31:26  Photon Cannon  
  86  31:27  Photon Cannon  
  86  31:28  Phoenix x2  
  86  31:29  Photon Cannon  
  86  31:32  Photon Cannon  
  78  31:34  Photon Cannon  
  78  31:35  Photon Cannon  
  78  31:36  Photon Cannon  
  78  31:37  Photon Cannon  
  78  31:38  Photon Cannon  
  78  31:40  Photon Cannon  
  78  31:41  Photon Cannon  
  78  31:42  Photon Cannon x2  
  78  31:45  Photon Cannon  
  78  31:47  Pylon  
  78  31:48  Pylon  
  78  31:53  Pylon  
Show
View Real Time Build Order
Export as new Build Order

PnDaMaN Terran - Winner!

Build Orders:  

Get SALT Encoding   

  12  0:19  Supply Depot  
  12  0:39  SCV  
  13  0:46  Supply Depot  
  13  0:51  SCV  
  14  1:03  SCV  
  15  1:13  Barracks  
  15  1:15  SCV  
  15  1:16  Barracks  
  16  1:27  SCV  
  16  1:29  Refinery  
  17  1:39  SCV  
  18  1:41  Supply Depot  
  18  1:47  Supply Depot  
  18  1:51  SCV  
  19  2:00  Barracks  
  19  2:05  Marine  
  19  2:06  Marine  
  23  2:35  Engineering Bay  
  23  2:43  Barracks Reactor  
  21  2:54  Marine x2  
  23  3:01  Engineering Bay  
  23  3:03  Supply Depot  
  23  3:10  SCV  
  23  3:12  Marine x2  
  25  3:13  Refinery  
  26  3:22  SCV  
  26  3:26  Supply Depot  
  27  3:30  Marine x2  
  29  3:34  Terran Infantry Weapons Level 1  
  29  4:25  Terran Infantry Armor Level 1  
  29  4:31  Barracks Reactor x2  
  29  4:33  Marine x2  
  29  4:36  Command Center  
  31  4:51  Marine x2  
  33  5:09  Marine x2  
  35  5:27  Marine x2  
  37  5:44  Marine  
  37  5:45  Marine x3  
  37  5:46  Marine x2  
  43  5:56  Planetary Fortress  
  43  6:02  Marine x2  
  43  6:03  Marine x2  
  47  6:20  Marine x2  
  47  6:21  Marine x2  
  47  6:22  Barracks  
  51  6:27  Orbital Command  
  51  6:30  Marine  
  51  6:31  Marine  
  53  6:33  SCV  
  53  6:38  Marine x2  
  53  6:39  Marine x2  
  58  6:45  SCV  
  59  6:48  Marine  
  59  6:54  Supply Depot  
  60  6:58  SCV  
  61  7:03  Marine x5  
  66  7:10  SCV  
  66  7:12  Barracks Tech Lab  
  67  7:18  Supply Depot  
  67  7:22  SCV  
  68  7:34  SCV  
  69  7:40  Factory  
  69  7:46  SCV  
  70  7:51  Refinery  
  70  7:54  Missile Turret  
  71  7:58  SCV  
  71  8:10  SCV  
  72  8:15  Supply Depot  
  72  8:17  Refinery  
  72  8:20  Combat Shield  
  72  8:22  SCV  
  73  8:32  Starport  
  73  8:34  SCV  
  73  8:38  Supply Depot  
  74  8:56  Armory  
  74  9:01  SCV  
  75  9:11  Starport  
  75  9:14  SCV  
  76  9:19  Starport Tech Lab  
  76  9:26  SCV, Fusion Core  
  77  9:38  SCV  
  78  9:46  Armory  
  78  9:50  SCV  
  78  10:02  SCV, Command Center  
  79  10:14  SCV  
  79  10:15  Starport Tech Lab  
  79  10:20  Terran Ship Weapons Level 1  
  80  10:25  Weapon Refit  
  80  10:26  SCV  
  87  10:35  Battlecruiser  
  87  10:36  Battlecruiser  
  87  10:38  SCV  
  94  10:50  SCV  
  95  10:59  Terran Vehicle And Ship Armor Level 1  
  95  11:16  Marine x6  
  101  11:22  Supply Depot  
  107  11:40  Battlecruiser x2  
  107  11:46  Supply Depot  
  113  12:08  Supply Depot  
  113  12:31  Supply Depot  
  107  14:28  Battlecruiser x2  
  101  15:32  Battlecruiser x2  
  113  15:49  Starport  
  113  16:03  Planetary Fortress  
  113  16:13  Terran Ship Weapons Level 2  
  113  16:15  Terran Vehicle And Ship Armor Level 2  
  113  16:36  Battlecruiser x2  
  125  16:42  Starport Tech Lab  
  125  17:41  Battlecruiser x2  
  119  18:45  Battlecruiser  
  77  19:20  Battlecruiser  
  71  19:49  Battlecruiser  
  71  19:55  Battlecruiser  
  77  20:07  Refinery  
  77  20:18  Missile Turret  
  77  20:22  Missile Turret  
  77  20:24  Battlecruiser  
  83  20:33  Refinery  
  83  20:37  Missile Turret  
  83  20:42  Missile Turret  
  83  20:53  Battlecruiser  
  89  20:57  Missile Turret  
  89  21:02  Missile Turret  
  81  21:28  Battlecruiser  
  44  22:26  Battlecruiser  
  50  22:32  Battlecruiser  
  24  25:16  Battlecruiser  
  12  27:54  Command Center  
  11  28:47  Command Center  
  11  29:02  Supply Depot  
  11  29:03  Supply Depot  
  11  29:25  Supply Depot  
  11  29:57  Command Center  
  11  30:10  SCV  
  11  30:11  Command Center  
  12  30:16  Refinery  
  12  30:20  Battlecruiser  
  18  30:22  SCV  
  19  30:34  SCV  
  20  30:46  SCV  
  21  30:58  SCV  
  20  31:10  SCV  
  21  31:22  SCV  
  22  31:35  SCV  
  24  31:47  SCV  
  24  31:50  Refinery  
  24  31:55  Refinery  
  24  32:07  Refinery  
  24  32:13  SCV  
Show
View Real Time Build Order
Export as new Build Order

KwazeeKJ Terran - Winner!

Build Orders:  

Get SALT Encoding   

  12  0:05  SCV  
  13  0:17  SCV  
  14  0:29  SCV  
  15  0:35  Supply Depot  
  15  0:37  Refinery  
  15  0:57  SCV  
  16  1:07  Barracks  
  16  1:19  SCV  
  16  1:23  Engineering Bay  
  17  1:31  SCV  
  18  1:43  SCV  
  19  1:58  Barracks  
  19  1:59  Reaper  
  20  2:39  Marine  
  21  2:45  Barracks Tech Lab  
  21  2:47  Barracks  
  21  2:49  Terran Infantry Weapons Level 1  
  21  2:50  Refinery, Orbital Command  
  21  2:56  Supply Depot  
  21  2:57  Marine  
  21  3:41  Marine  
  21  3:45  Barracks Reactor  
  22  3:49  Barracks  
  22  3:53  Combat Shield  
  22  3:59  Marine  
  22  4:02  SCV  
  24  4:06  Supply Depot  
  24  4:14  SCV  
  25  4:22  Marine  
  25  4:23  Marine x3  
  29  4:24  Command Center  
  29  4:40  Marine x3  
  29  4:41  Marine  
  33  4:52  Terran Infantry Armor Level 1  
  33  4:57  Factory  
  33  5:00  Marine x4  
  33  5:02  Marine  
  33  5:05  SCV  
  39  5:13  Stimpack  
  39  5:24  Barracks Tech Lab  
  39  5:43  Factory Reactor, Armory  
  39  5:47  Starport  
  39  5:49  SCV  
  40  5:55  SCV  
  41  5:57  Marine x5  
  41  6:01  SCV  
  47  6:07  SCV  
  48  6:15  Marine x5  
  53  6:43  Supply Depot  
  53  6:45  Supply Depot  
  53  6:52  Engineering Bay  
  53  6:56  Medivac x2  
  53  6:57  Marauder  
  59  7:24  Marauder x2  
  59  7:25  Marine x3  
  66  7:33  Medivac  
  68  7:42  Marine  
  68  7:43  Marine  
  70  7:45  Marauder  
  70  7:46  Marauder  
  74  7:53  Refinery  
  74  7:57  Refinery  
  74  8:12  Supply Depot  
  74  8:15  Supply Depot  
  74  8:21  Terran Infantry Weapons Level 2  
  74  8:44  Marine x5  
  79  8:48  SCV  
  79  8:49  SCV  
  81  8:55  Terran Infantry Armor Level 2  
  81  9:01  Marine  
  81  9:02  Marine x4  
  86  9:05  Viking  
  86  9:09  SCV  
  89  9:43  Marine x5  
  94  9:56  Supply Depot  
  94  10:17  Marine x5  
  94  10:18  SCV x2  
  101  10:30  SCV  
  102  10:44  Terran Infantry Weapons Level 3  
  102  11:22  Supply Depot  
  102  11:24  Supply Depot  
  102  11:44  SCV x2, Marine x5  
  102  11:46  Supply Depot  
  107  11:47  Supply Depot  
  107  11:56  SCV x2  
  109  12:01  Marine x5  
  109  12:07  Medivac x2  
  118  12:37  Medivac x2, Marine x2  
  118  12:38  Marine  
  118  12:42  Marauder x2  
  129  12:55  Marine x2  
  131  13:03  Marauder  
  133  13:44  SCV  
  134  13:49  Marauder  
  101  14:08  Marauder  
  103  14:10  Marauder  
  103  14:14  Viking x2  
  109  14:30  Marauder  
  111  14:44  Viking x2  
  115  14:50  Marauder  
  115  14:51  Marauder  
  119  15:06  Starport  
  119  15:08  Starport x2  
  119  15:10  Marine x3  
  119  15:11  Marauder  
  119  15:12  Marine  
  125  15:20  Terran Infantry Armor Level 3  
  125  15:24  Terran Ship Weapons Level 1  
  125  15:27  Marine  
  125  15:28  Supply Depot, Marine x2  
  128  15:30  Marauder  
  128  15:32  Supply Depot  
  128  15:33  Marauder  
  132  15:51  Marauder  
  132  15:54  Marauder, Starport Reactor  
  132  15:55  Starport Reactor  
  132  15:56  Starport Reactor  
  136  16:11  Command Center  
  136  16:23  Marauder x2  
  140  16:44  Marauder x2  
  144  16:58  Viking x3  
  150  17:04  Viking  
  150  17:18  Viking  
  150  17:19  Viking  
  150  17:20  Viking x2  
  89  17:38  Marine  
  89  17:39  Marauder x2  
  80  17:52  Marine x2  
  80  17:56  Marine  
  80  17:57  Viking  
  85  18:00  Marauder x2  
  89  18:09  Marine  
  89  18:10  Marine  
  91  18:13  Marine  
  92  18:21  Marauder, Marine  
  92  18:50  Viking x5  
  92  18:51  Viking x2  
  92  18:52  Viking  
  70  19:52  Viking x6  
  80  19:53  Viking  
  84  20:04  Marine x5  
  89  20:22  Marine x5  
  89  20:24  SCV  
  95  20:33  Command Center  
  95  21:01  Marine x2  
  95  21:02  Marine x3  
  100  21:19  Marine x2  
  100  22:04  Marauder x2  
  104  22:09  Viking x4  
  104  22:10  Viking  
  114  22:25  Marauder  
  114  22:26  Marauder  
  118  22:38  Marine x3  
  121  22:46  Marine x2  
  121  22:48  Viking x2  
  121  22:49  Viking  
  129  22:55  Marine  
  129  22:56  Marine x2  
  132  23:12  Refinery  
  132  23:15  Refinery  
  126  23:57  Marine x4  
  126  23:58  Marine  
  131  24:04  Viking x4  
  131  24:06  Viking  
  141  24:15  Marine x5  
  146  24:33  Marine x5  
  151  24:51  Marauder  
  151  24:52  Marauder  
  116  26:52  Viking x7  
  116  26:53  Viking  
  110  27:22  Viking  
  95  27:27  Marine x5  
  83  27:44  Marine  
  83  27:45  Marine  
  85  27:56  Marine x2  
  85  27:57  Marine  
  88  28:02  Marine  
  84  28:46  Terran Ship Weapons Level 2  
  82  29:12  Marauder  
  82  29:13  Marauder  
  86  29:19  Viking x2  
  86  29:23  Viking  
  92  29:34  Marauder x2  
  96  30:03  Viking x2  
  96  30:04  Viking x2  
  104  30:20  Marine x3  
  104  30:21  Marine x2  
  109  30:38  Marine  
  100  31:13  Marine x5  
  105  31:30  Marine x2  
  105  31:31  Marine x3  
  110  31:48  Marine x2  
  110  31:49  Marine x3  
  110  31:52  Supply Depot  
  115  32:06  Marine x4  
  115  32:07  Marine  
  120  32:24  Marine x4  
Show
View Real Time Build Order
Export as new Build Order

Scrag Terran - Winner!

Build Orders:  

Get SALT Encoding   

  12  0:02  SCV  
  13  0:19  SCV  
  14  0:22  Supply Depot  
  14  0:44  Supply Depot  
  14  0:51  SCV  
  14  0:55  Refinery  
  14  0:56  Supply Depot  
  15  1:06  SCV  
  16  1:11  Barracks  
  16  1:18  SCV  
  17  1:30  SCV  
  18  1:42  SCV  
  19  1:54  SCV  
  20  2:06  SCV  
  20  2:08  Barracks Reactor  
  21  2:28  Refinery  
  21  2:37  Barracks  
  21  2:43  Barracks  
  21  2:51  Engineering Bay  
  21  2:57  Factory, Marine x2  
  23  3:04  SCV  
  24  3:09  Supply Depot  
  24  3:15  Marine x2  
  24  3:16  SCV  
  27  3:28  SCV  
  27  3:31  Supply Depot, Barracks Tech Lab  
  27  3:32  Marine  
  27  3:33  Marine  
  30  3:41  SCV  
  31  3:50  Factory  
  31  3:53  SCV  
  32  4:08  Armory  
  32  4:15  Armory  
  32  4:20  Barracks Tech Lab  
  32  4:39  Command Center  
  32  4:54  Barracks Tech Lab  
  32  4:57  Thor  
  35  5:34  Terran Vehicle Weapons Level 1  
  35  5:45  Thor  
  41  5:53  SCV  
  42  5:58  Supply Depot  
  42  6:04  Planetary Fortress  
  42  6:05  SCV  
  43  6:15  Refinery  
  43  6:17  SCV  
  44  6:21  Supply Depot  
  44  6:29  SCV  
  45  6:32  Thor  
  51  6:44  Supply Depot  
  51  6:58  Terran Vehicle And Ship Armor Level 1  
  51  7:20  Thor  
  57  7:36  Smart Servos  
  57  7:59  SCV  
  58  8:11  Refinery, SCV, Thor  
  65  8:23  SCV  
  66  8:34  Factory  
  66  8:35  SCV  
  67  8:48  SCV  
  68  8:55  Thor  
  74  8:58  Thor  
  80  9:11  Terran Vehicle Weapons Level 2  
  80  9:31  Marine x2  
  82  9:49  Marine x2  
  84  10:07  Marine x2  
  86  10:23  Supply Depot  
  86  10:24  Orbital Command  
  86  10:27  Terran Vehicle And Ship Armor Level 2  
  86  10:44  Thor  
  86  10:45  Supply Depot  
  92  10:56  Command Center  
  92  11:07  Thor, Siege Tank  
  92  11:08  Supply Depot  
  101  11:30  Siege Tank  
  104  11:33  Supply Depot  
  104  11:50  Thor  
  110  11:56  Supply Depot  
  110  12:18  Supply Depot  
  110  12:52  Terran Vehicle Weapons Level 3  
  110  12:53  Terran Vehicle And Ship Armor Level 3  
  110  13:14  SCV  
  111  13:26  SCV  
  112  13:38  SCV  
  112  13:39  Thor  
  112  13:40  Thor  
  125  13:43  Thor  
  131  13:50  SCV  
  132  13:59  Refinery  
  132  14:02  SCV  
  133  14:03  Supply Depot  
  133  14:14  SCV  
  134  14:22  Thor  
  134  14:23  Thor  
  146  14:24  Refinery  
  146  14:26  SCV, Supply Depot, Thor  
  153  14:49  Supply Depot  
  153  15:02  Barracks Tech Lab  
  153  15:09  Thor  
  159  15:17  Orbital Command  
  159  15:29  Stimpack  
  159  15:32  Thor x2  
  171  16:16  Thor  
  170  16:20  Thor  
  170  16:21  Thor  
  90  16:46  Thor x3  
  78  16:59  Thor  
  84  17:03  Thor  
  84  17:04  Thor  
  72  17:42  Thor  
  72  17:46  Thor  
  72  17:47  Thor  
  84  18:25  Thor  
  90  18:29  Thor  
  60  19:07  Thor  
  63  19:18  Siege Tank  
  66  19:40  Marauder  
  66  19:41  Marine x2  
  70  19:50  Siege Tank  
  70  19:51  Siege Tank  
  76  19:59  Marine x2  
  78  20:01  Marauder  
  80  20:17  Marine x2  
  82  20:22  Thor, Siege Tank, Marauder  
  82  20:26  Command Center  
  82  20:28  Refinery  
  93  20:29  Refinery  
  93  20:35  Marine x2  
  95  20:36  Missile Turret  
  95  20:42  Missile Turret  
  95  20:44  Marauder  
  95  20:45  Missile Turret x2  
  97  20:54  Thor  
  103  21:02  Missile Turret  
  103  21:05  Thor, Missile Turret, Marauder  
  103  21:09  Thor  
  117  21:37  Thor  
  123  21:48  Thor  
  123  21:50  SCV  
  130  22:02  SCV  
  131  22:15  SCV  
  132  22:20  Thor  
  138  22:24  Thor  
  138  22:27  SCV  
  145  22:31  Thor  
  151  22:39  SCV  
  152  23:03  Thor  
  158  23:14  Thor  
  164  23:45  Thor  
  170  24:43  Thor  
  176  25:26  Thor  
  164  25:57  Thor x2  
  176  26:09  Thor  
  157  26:40  Thor x2  
  151  26:51  Thor  
  109  27:23  Thor  
  109  27:34  Thor  
  103  28:16  Thor  
  103  28:17  Thor x2  
  121  28:23  Marine  
  121  28:25  Marine x2  
  124  28:29  Combat Shield  
  124  28:41  Marine  
  124  28:43  Marine x2  
  127  28:50  Refinery  
  127  28:54  Refinery  
  127  28:55  Command Center  
  127  28:59  Thor x2, Marine  
  127  29:00  Thor, Marine  
  127  29:01  Marine  
  148  29:17  Marine  
  148  29:18  Marine x2  
  151  29:35  Marine  
  152  29:42  Thor  
  152  29:43  Thor  
  164  29:57  Missile Turret  
  164  30:06  Thor  
  170  30:16  Missile Turret  
  170  30:25  Thor x2  
  182  30:37  Missile Turret  
  182  30:49  Thor  
  188  30:55  Missile Turret  
  188  31:08  Thor  
  194  31:18  Missile Turret  
  177  31:38  Missile Turret  
  177  31:49  Thor  
  177  31:50  Thor  
  177  31:51  Thor  
Tags
 
Add a new tag
Caveats
  • Supply blocks, unpowered buildings, or Contaminate may cause inaccurate times.
  • Supply counts are checked every 10 seconds.